 Dungeon Crawl Stone Soup version 0.18-a0-1575-g920359c (webtiles) character file.

1082 FateRebellion the Covered (level 8, -12/61 HPs)
             Began as a Formicid Skald on Mar 16, 2016.
             Was an Initiate of Ashenzari.
             Mangled by an orc warrior
             ... wielding a +0 dire flail
              (19 damage)
             ... on level 7 of the Dungeon.
             The game lasted 00:37:59 (6027 turns).

FateRebellion the Covered (Formicid Skald)          Turns: 6027, Time: 00:38:00

Health: -12/61     AC:  8    Str: 17    XL:     8   Next: 55%
Magic:  12/15      EV: 15    Int: 14    God:    Ashenzari [......]
Gold:   181        SH:  0    Dex: 15    Spells: 3 memorised, 11 levels left

rFire  + . .     SeeInvis +     r - +2 short sword (venom) (curse)
rCold  + . .     Gourm    .     m - +0 scale mail (curse)
rNeg   . . .     Faith    .     (no shield)
rPois  .         Spirit   .     (helmet unavailable)
rElec  .         Dismiss  .     s - +0 cloak (curse)
rCorr  .         Reflect  .     (no gloves)
SustAt .         Harm     .     (no boots)
MR     .....                    (no amulet)
Stlth  +.........               p - ring of protection from cold
                                l - ring of protection from fire

@: agile, infused, not resistant to hostile enchantments, very unstealthy
A: permanent stasis, dig shafts and tunnels, four strong arms, antennae 3
a: Dig, Shaft Self, Curse Item, Renounce Religion


You were on level 7 of the Dungeon.
You worshipped Ashenzari.
Ashenzari was noncommittal.
You were not hungry.

You visited 2 branches of the dungeon, and saw 8 of its levels.

You collected 181 gold pieces.

Inventory:

Hand Weapons
 a - a +0 falchion
 r - a cursed +2 short sword of venom (weapon)
 v - a +0 short sword of protection
Armour
 m - a cursed +0 scale mail (worn)
 s - a cursed +0 cloak (worn)
 u - a +0 ring mail
 C - a +0 shield
Jewellery
 l - a ring of protection from fire (left hand)
 p - a ring of protection from cold (right hand)
Wands
 x - a wand of disintegration (2/24)
 z - a wand of flame (12/48)
Scrolls
 e - a scroll of remove curse
 h - a scroll of amnesia {unknown}
 i - 2 scrolls of enchant armour
 j - a scroll of recharging
 k - a scroll of fear {unknown}
 n - 2 scrolls of fog {unknown}
 B - a scroll of enchant weapon {unknown}
 D - a scroll of immolation {unknown}
 E - a scroll of teleportation {unknown}
Potions
 g - a potion of flight
 o - 3 potions of curing
Books
 c - a book of Battle

   Spells                             Type                      Level
   a - Infusion                       Charms                       1
   b - Shroud of Golubria             Charms/Translocation         2
   c - Song of Slaying                Charms                       2
   d - Spectral Weapon                Hexes/Charms                 3
   e - Regeneration                   Charms/Necromancy            3
 w - Plog's Catalogue of Supportive Snow
   (You found it on level 6 of the Dungeon)

   Spells                             Type                      Level
   a - Recall                         Summoning/Translocation      3
   b - Summon Demon                   Summoning                    5
   c - Bolt of Cold                   Conjuration/Ice              6
   d - Ozocubu's Refrigeration        Ice                          6
 y - a book of Dreams

   Spells                             Type                      Level
   a - Ensorcelled Hibernation        Hexes/Ice                    2
   b - Silence                        Hexes/Air                    5
   c - Darkness                       Hexes                        6
   d - Shadow Creatures               Summoning                    6
Comestibles
 d - 4 bread rations
 f - 6 fruits
 q - 3 chunks of flesh
 t - 3 meat rations
 A - a beef jerky


   Skills:
 * Level 4.6 Fighting
 + Level 2.0(3.2) Short Blades
 * Level 3.9(4.2) Long Blades
 * Level 5.5 Armour
 * Level 1.9 Dodging
 * Level 4.7 Spellcasting
 + Level 4.1 Charms


You had 11 spell levels left.
You knew the following spells:

 Your Spells              Type           Power        Failure   Level  Hunger
a - Infusion              Chrm           ##..         12%         1    None
b - Song of Slaying       Chrm           ##......     17%         2    ##.....
c - Shroud of Golubria    Chrm/Tloc      #.........   38%         2    ##.....


Dungeon Overview and Level Annotations

Branches:
Dungeon (7/15)             Temple (1/1) D:4

Altars:
Ashenzari
Cheibriados
Dithmenos
Elyvilon
Fedhas
Gozag
Kikubaaqudgha
Makhleb
Nemelex Xobeh
Okawaru
Qazlal
Ru
Sif Muna
Trog
Vehumet
Xom
Yredelemnul
Zin
The Shining One

Annotations:
D:5 Dirian's ghost, amateur MiFi
D:6 Menkaure


Innate Abilities, Weirdness & Mutations

You are under a permanent stasis effect.
You can dig through walls and to a lower floor.
Your four strong arms can wield two-handed weapons with a shield.
You have a pair of large antennae on your head (SInv).


Message History

You sense a monster nearby.
An orc warrior comes into view. It is wielding a dire flail.
The orc warrior shouts!
You hear a shout! x3
Casting: Shroud of Golubria
Confirm with . or Enter, or press ? or * to list all spells.
You begin infusing your attacks with magical energy.
The orc warrior hits you with a dire flail!!
You hit the orc warrior.
The orc warrior is lightly wounded.
The orc warrior hits you with a dire flail!
Casting: Infusion
Confirm with . or Enter, or press ? or * to list all spells.
Space distorts slightly along a thin shroud covering your body.
The orc warrior hits you with a dire flail!!
* * * LOW HITPOINT WARNING * * *
Drink which item? (? for menu, Esc to quit)
It was a potion of agility.
You feel agile all of a sudden.
The orc warrior hits you with a dire flail!!
You die...

.# #......# .#
##...### ## #...#
# ##.## # #.#
#####.# # #.#
.....## .##### #.#
.####<#......# #.#
..##.....# #.# #@#
..##.##..###{###o#
..##.##..#..{....#
.........#{#.#####
........{..#.#
#.##.#.)....{#
..##....{#####
#####..{##
######.## #...#
#........


You could see an orc warrior.

Vanquished Creatures
  Joseph (D:7)
  Edmund (D:6)
  A wasp (D:7)
  An ogre (D:7)
  A centaur (D:7)
  A scorpion (D:4)
  A crimson imp (D:5)
  A quasit (D:7)
  A giant frog skeleton (D:5)
  2 orc wizards (D:5)
  A hound skeleton (D:7)
  2 adders
  5 shadow imps
  An adder zombie (D:5)
  A worm (D:2)
  2 dart slugs
  A giant gecko (D:1)
  9 orcs
  4 bats
  2 giant cockroaches
  12 goblins
  5 hobgoblins
  7 jackals (D:2)
  2 quokkas
  3 ball pythons
  3 giant newts
  10 kobolds
  11 rats
92 creatures vanquished.

Notes
Turn   | Place    | Note
--------------------------------------------------------------
     0 | D:1      | FateRebellion the Formicid Skald began the quest for the Orb.
     0 | D:1      | Reached XP level 1. HP: 16/16 MP: 3/3
   327 | D:1      | Reached XP level 2. HP: 14/23 MP: 5/5
   334 | D:1      | Learned a level 2 spell: Song of Slaying
   337 | D:1      | Learned a level 2 spell: Shroud of Golubria
   759 | D:1      | Reached skill level 1 in Dodging
   759 | D:1      | Reached XP level 3. HP: 26/28 MP: 6/6
  1260 | D:2      | Found a shadowy altar of Dithmenos.
  1309 | D:2      | Reached XP level 4. HP: 24/34 MP: 0/7
  1441 | D:2      | Found an ancient bone altar of Kikubaaqudgha.
  1447 | D:2      | Found an iron altar of Okawaru.
  1537 | D:2      | Found a white marble altar of Elyvilon.
  1537 | D:2      | Found a sparkling altar of Nemelex Xobeh.
  1539 | D:2      | Found a bloodstained altar of Trog.
  1539 | D:2      | Found a basalt altar of Yredelemnul.
  1540 | D:2      | Found a shimmering altar of Xom.
  2507 | D:3      | Reached skill level 2 in Armour
  3176 | D:4      | Reached XP level 5. HP: 32/41 MP: 8/8
  3544 | D:4      | Found a staircase to the Ecumenical Temple.
  3553 | Temple   | Entered the Ecumenical Temple
  3714 | Temple   | Became a worshipper of Ashenzari the Shackled
  4137 | D:5      | Entered Level 5 of the Dungeon
  4202 | D:5      | Reached skill level 3 in Armour
  4360 | D:5      | Noticed Dirian's ghost (amateur MiFi)
  4394 | D:5      | Reached XP level 6. HP: 19/48 MP: 4/10
  4695 | D:5      | You fall through a shaft for 2 floors!
  4796 | D:6      | Reached skill level 4 in Armour
  4801 | D:6      | Identified Plog's Catalogue of Supportive Snow
  4825 | D:6      | Noticed Edmund
  4844 | D:6      | Killed Edmund
  4844 | D:6      | Reached skill level 1 in Short Blades
  4844 | D:6      | Reached XP level 7. HP: 8/53 MP: 1/12
  5144 | D:6      | Noticed Menkaure
  5148 | D:6      | You fall through a shaft!
  5396 | D:7      | Noticed Joseph
  5440 | D:7      | Killed Joseph
  5440 | D:7      | Reached skill level 5 in Armour
  5440 | D:7      | Reached XP level 8. HP: 25/61 MP: 0/14
  6027 | D:7      | Mangled by an orc warrior

Vault maps used:
D:1:      dpeg_arrival_chase
D:2:      grunt_temple_overflow_open, lemuel_tele_altar
D:4:      minmay_temple_entry_poolview
D:5:      serial_column_ruins, column_ruins_circle_medium,
          column_ruins_open_small, column_ruins_columns_straight,
          column_ruins_open_small, column_ruins_open_tiny, column_ruins_grid_1,
          column_ruins_open_small_water, first_bread, st_stairs_9
D:6:      minmay_three_doors, uniq_edmund, uniq_eustachio, uniq_menkaure,
          uniq_pikel, uniq_blork_the_orc
D:7:      serial_shops, nicolae_shop_overgrown_old_shop, serial_bayou_crossing,
          uniq_joseph
Temple:   dpeg_five_rooms_temple_12

Skill      XL: |  1  2  3  4  5  6  7  8 |
---------------+-------------------------+-----
Dodging        | 1 |  1.9
Fighting       | 3 4 |  4.6
Armour         | 2 3 4 5 |  5.5
Long Blades    | 3 |  3.9
Spellcasting   | 3 4 |  4.7
Short Blades   | 1 2 |  2.0
Charms         | 4 |  4.1

Action                   |  1- 3 |  4- 6 |  7- 9 || total
-------------------------+-------+-------+-------++-------
Melee: Falchion          |    94 |    39 |       ||   133
       Short sword       |       |   142 |    60 ||   202
 Cast: Infusion          |     5 |     7 |     6 ||    18
       Shroud of Golubri |     1 |       |     5 ||     6
       Song of Slaying   |       |     2 |       ||     2
Invok: Curse Item        |       |     2 |     1 ||     3
 Abil: Dig               |     4 |     3 |       ||     7
       Stop Singing      |       |     1 |       ||     1
       Shaft Self        |       |     1 |     1 ||     2
  Use: Scroll            |       |     4 |     1 ||     5
       Potion            |       |       |     3 ||     3
  Eat: Chunk             |     2 |    10 |     5 ||    17
       Pizza             |       |     1 |       ||     1
